Map: Echo LE (Void)

Players

Warthen - Winner!

  • Race: Terran Terran
  • League: Diamond

Emil

  • Race: Zerg Zerg
  • League: Diamond

VOD

Have the link to the VOD?

Description

Time

  • Played on: Nov. 24, 2016, 1:22 p.m.
  • Length: 9:36
Show
View Real Time Build Order
Export as new Build Order

Warthen Terran - Winner!

Build Orders: Reaper Expand, MMM Bio 

Get SALT Encoding   

  12  0:01  SCV  
  13  0:13  SCV  
  14  0:17  Supply Depot  
  14  0:25  SCV  
  15  0:38  SCV  
  15  0:40  Barracks  
  16  0:44  Refinery  
  16  0:50  SCV  
  17  1:03  SCV  
  18  1:15  SCV  
  19  1:28  Reaper  
  19  1:29  Orbital Command  
  20  1:44  Command Center  
  20  1:53  Barracks  
  20  1:57  SCV  
  21  2:07  Barracks Reactor  
  21  2:10  Supply Depot  
  21  2:11  SCV  
  21  2:23  SCV  
  20  2:37  SCV  
  20  2:39  Factory  
  21  2:45  Barracks Tech Lab  
  21  2:46  Marine x2  
  23  2:56  SCV  
  24  3:03  Marine x2  
  26  3:08  SCV  
  27  3:14  Refinery  
  27  3:18  Supply Depot  
  27  3:19  Stimpack  
  27  3:22  SCV  
  27  3:23  Marine x3  
  31  3:40  SCV  
  32  3:46  Factory Tech Lab  
  32  3:52  SCV  
  33  3:57  Orbital Command  
  33  4:00  Marine x2  
  33  4:01  Bunker, Marine  
  36  4:04  SCV  
  36  4:06  Siege Tank  
  40  4:15  Supply Depot  
  40  4:16  SCV  
  41  4:25  Marine x3  
  41  4:28  SCV  
  41  4:29  Starport  
  41  4:30  SCV  
  46  4:38  Supply Depot  
  46  4:41  SCV  
  47  4:46  SCV  
  47  4:49  Siege Tank  
  51  4:53  SCV  
  51  4:57  Liberator  
  51  4:58  SCV  
  53  5:03  Supply Depot  
  53  5:15  Marine x2  
  53  5:16  Marine  
  53  5:17  Barracks  
  53  5:19  Barracks  
  59  5:24  SCV x2  
  59  5:26  Supply Depot  
  61  5:34  Siege Tank  
  64  5:41  Engineering Bay, Marine x2  
  64  5:42  Marine  
  67  5:43  Engineering Bay  
  67  5:45  SCV  
  67  5:46  SCV  
  69  5:54  Combat Shields  
  69  5:59  Refinery, SCV x2  
  69  6:01  Starport Reactor, Refinery  
  71  6:11  SCV  
  71  6:13  SCV  
  73  6:20  Barracks Reactor, Barracks Tech Lab  
  73  6:23  SCV  
  74  6:26  Marine x2  
  74  6:27  Barracks  
  74  6:28  SCV  
  74  6:29  Barracks  
  74  6:31  Barracks  
  77  6:39  Terran Infantry Weapons Level 1, Terran Infantry Armor Level 1  
  77  6:40  SCV x2  
  79  6:48  Supply Depot  
  79  6:50  Supply Depot  
  79  6:52  SCV  
  79  6:53  Marine x3  
  83  6:56  Medivac  
  85  7:08  Marine  
  86  7:09  Medivac, Siege Tank, Marine x2  
  86  7:14  Supply Depot  
  93  7:19  Supply Depot  
  93  7:25  Barracks Tech Lab  
  93  7:26  Barracks Reactor x2, Marine x2  
  93  7:27  Marine x2  
  97  7:40  Medivac  
  96  7:46  Marauder x2, Marine x2  
  96  7:47  Marauder, Marine  
  105  7:55  Supply Depot  
  105  7:56  Concussive Shells  
  105  7:58  Supply Depot x2  
  105  8:04  Armory  
  105  8:08  Marauder  
  107  8:28  Marine  
  107  8:29  Marauder x3, Marine x2  
  116  8:37  Marine x3  
  118  8:50  Marauder x3  
  106  9:01  Marine x5  
  105  9:04  Siege Tank  
  106  9:11  Marauder x2  
  106  9:12  Marauder  
  112  9:22  Command Center  
Show
View Real Time Build Order
Export as new Build Order

Emil Zerg 

Build Orders: Pool First 

Get SALT Encoding   

  12  0:01  Drone  
  13  0:16  Overlord  
  13  0:17  Drone  
  14  0:34  Drone x2  
  16  0:41  Spawning Pool  
  15  1:07  Hatchery  
  15  1:09  Drone  
  15  1:17  Drone x2  
  17  1:20  Extractor  
  17  1:23  Drone  
  17  1:32  Zergling x2  
  18  1:45  Zergling x2  
  19  1:56  Extractor, Drone  
  19  2:06  Drone  
  21  2:15  Queen  
  21  2:16  Extractor  
  21  2:21  Queen  
  21  2:22  Metabolic Boost  
  25  2:37  Drone x3  
  27  2:42  Overlord  
  28  2:44  Roach Warren  
  24  3:16  Overlord  
  24  3:32  Roach x4  
  24  3:33  Roach x2  
  36  3:35  Extractor  
  35  3:41  Roach  
  35  3:42  Roach  
  35  3:43  Overlord  
  35  3:47  Spore Crawler  
  38  3:55  Drone  
  39  3:56  Drone x4  
  44  4:20  Overlord  
  44  4:24  Overlord  
  45  4:38  Ravager  
  45  4:41  Ravager  
  45  4:44  Hatchery  
  45  4:47  Drone x8  
  47  5:02  Extractor  
  46  5:07  Drone  
  46  5:08  Drone x5  
  46  5:14  Lair  
  52  5:32  Evolution Chamber, Drone  
  52  5:33  Evolution Chamber, Drone x6  
  57  5:47  Queen  
  59  5:57  Zergling x2  
  59  5:58  Zergling x12  
  59  6:00  Baneling Nest, Zerg Melee Weapons Level 1  
  65  6:04  Zerg Ground Armor Level 1  
  65  6:14  Drone  
  65  6:16  Overlord x2  
  66  6:31  Overlord  
  66  6:33  Extractor  
  66  6:37  Overseer  
  61  6:54  Spore Crawler  
  60  7:08  Spore Crawler  
  59  7:09  Drone x11  
  59  7:10  Drone x4  
  74  7:22  Spore Crawler  
  73  7:28  Drone x4  
  73  7:39  Queen x2  
  77  7:45  Centrifical Hooks  
  77  8:01  Roach x6  
  89  8:08  Baneling  
  89  8:09  Baneling x9  
  89  8:20  Ravager  
  89  8:23  Overlord x3  
  89  8:25  Extractor  
  89  8:26  Extractor  
  88  8:41  Ravager x2  
  78  8:56  Roach  
  78  8:57  Roach x5  
  74  9:15  Zergling x2  
  70  9:22  Ravager x3  
Tags
 
Add a new tag
Caveats
  • Supply blocks, unpowered buildings, or Contaminate may cause inaccurate times.
  • Supply counts are checked every 10 seconds.